 Dungeon Crawl Stone Soup version 0.29.1-15-g9cfb28693d (webtiles) character file.

Game seed: 11783271461007608681

13 Kranky the Prestidigitator (level 2, -9/21 (26) HPs)
             Began as a Gnoll Wanderer on Apr 22, 2023.
             Mangled by Terence
             ... wielding the +7 Throatcutter {drain, coup de grace}
              (13 damage)
             ... on level 2 of the Dungeon.
             The game lasted 00:02:02 (1459 turns).

Kranky the Prestidigitator (Gnoll Wanderer)         Turns: 1459, Time: 00:02:10

HP:   -9/21 (26)    AC:  3    Str: 12    XL:     2   Next: 37%
MP:   2/2           EV: 10    Int: 10    God:
Gold: 65            SH:  5    Dex: 11    Spells: 1/1 levels left

rFire   . . .      SeeInvis .   l - +2 hand axe (freeze)
rCold   . . .      Faith    .   c - +0 buckler
rNeg    . . .      Spirit   .   e - +0 leather armour
rPois   .          Reflect  .   (no helmet)
rElec   .          Harm     .   (no cloak)
rCorr   .          Rampage  .   (no gloves)
Will    .....                   (no boots)
Stlth   +.........              (no amulet)
HPRegen 0.07/turn               (no ring)
MPRegen 0.08/turn               (no ring)

@: heavily drained
A: fangs 1, strong nose, distributed training
a: no special abilities


You were on level 2 of the Dungeon.
You visited 1 branch of the dungeon, and saw 2 of its levels.

You collected 65 gold pieces.

Inventory:

Hand Weapons
 a - a +0 club
 l - a +2 hand axe of freezing (weapon)
Armour
 c - a +0 buckler (worn)
 e - a +0 leather armour (worn)
Wands
 f - a wand of roots (4) (quivered)
Scrolls
 b - a scroll of vulnerability
 h - a scroll of enchant armour {unknown}
 i - a scroll of amnesia {unknown}
 j - a scroll of fear {unknown}
 k - 2 scrolls of magic mapping {unknown}
 m - 4 scrolls of identify {unknown}
Potions
 d - 3 potions of curing
 g - a potion of heal wounds


   Skills:
 + Level 4.5 Fighting
 + Level 0.4 Short Blades
 + Level 0.4 Long Blades
 + Level 0.4 Axes
 + Level 0.4 Maces & Flails
 + Level 0.4 Polearms
 + Level 0.4 Staves
 + Level 0.4 Ranged Weapons
 + Level 2.5 Throwing
 + Level 2.5 Armour
 + Level 0.4 Dodging
 + Level 0.4 Stealth
 + Level 4.5 Shields
 + Level 0.4 Unarmed Combat
 + Level 0.4 Spellcasting
 + Level 0.2 Conjurations
 + Level 0.2 Hexes
 + Level 0.2 Summonings
 + Level 0.2 Necromancy
 + Level 0.2 Translocations
 + Level 0.2 Transmutations
 + Level 0.2 Fire Magic
 + Level 0.2 Ice Magic
 + Level 0.2 Air Magic
 + Level 0.2 Earth Magic
 + Level 0.2 Poison Magic
 + Level 0.5 Invocations
 + Level 8.5 Evocations


You had one spell level left.
You didn't know any spells.
Your spell library contained the following spells:

 Spells                   Type           Power      Damage    Failure   Level
 Magic Dart               Conj           0%         1d3       50%         1
 Call Imp                 Summ           0%         N/A       63%         2
 Mephitic Cloud           Conj/Pois/Air  0%         N/A       86%         3


Dungeon Overview and Level Annotations

Branches:
Dungeon (2/15)

Altars:

Annotations:
D:2 Terence


Innate Abilities, Weirdness & Mutations

You have very sharp teeth.
Your uncanny sense of smell can sniff out nearby items.
Your experience applies equally to all skills.


Message History

k - 2 scrolls labelled MOOLUE FUEJO (gained 1)
m - 3 scrolls labelled COQAIF JIVO A ball python comes into view.
A ball python is nearby!
The ball python hisses angrily.
The ball python barely misses you. You block the ball python's attack.
The ball python closely misses you. The ball python misses you.
You hit the ball python. You freeze the ball python.
You kill the ball python!
No target in view!
No target in view!
You now have 53 gold pieces (gained 12).
You now have 65 gold pieces (gained 12).
Found a stone staircase leading down.
No target in view!
m - 4 scrolls labelled COQAIF JIVO (gained 1) Terence the Incautious comes into view.
He is wielding the +7 Throatcutter {drain, coup de grace}.
Terence shouts!
Terence is nearby!
You see here a scroll labelled UGHIWUCOCS.
Terence closely misses you.
You barely miss Terence.
Terence hits you with the +7 Throatcutter {drain, coup de grace}.
You feel drained.
You closely miss Terence.
Terence hits you with the +7 Throatcutter {drain, coup de grace}.
You feel drained.
You slash Terence! You freeze Terence.
Terence is heavily wounded.
Terence barely misses you.
Terence drinks a potion.
Terence is healed!
You hit Terence but do no damage. Terence closely misses you.
You hit Terence but do no damage. You block Terence's attack.
You hit Terence but do no damage.
Terence hits you with the +7 Throatcutter {drain, coup de grace}!
Ouch! That really hurt!
You feel drained.
* * * LOW HITPOINT WARNING * * *
Terence hits you with the +7 Throatcutter {drain, coup de grace}!
Ouch! That really hurt!
You die...

### ∆ ..# #.# #.# #
#######.# # #.
#.....#.# # #.#.#
#.....#.###
#....#######..........
#.@@.?...........###
##.######......#.# #.
#.......#.# #.
#>....#+##.# #.
#.###.# #.. #. #. #.#
### #. #. #.# #. # #.#


You could see Terence.

Vanquished Creatures
  A bat (D:1)
  2 endoplasms (D:1)
  A goblin (D:1)
  A hobgoblin (D:1)
  3 ball pythons
  2 frilled lizards (D:1)
  2 kobolds (D:1)
12 creatures vanquished.

Notes
Turn   | Place    | Note
-------+----------+-------------------------------------------
     0 | D:1      | Kranky the Gnoll Wanderer began the quest for the Orb.
     0 | D:1      | Kranky set off with the following items: a +0 club, a
                  | scroll of vulnerability, a +0 buckler, a potion of curing,
                  | a +0 leather armour, a wand of roots (4).
     0 | D:1      | Reached XP level 1. HP: 20/20 MP: 1/1
   204 | D:1      | Found a faded altar of an unknown god.
   653 | D:1      | Reached XP level 2. HP: 20/26 MP: 2/2
  1450 | D:2      | Noticed Terence
  1459 | D:2      | Mangled by Terence

Illustrated notes

Levels and vault maps discovered:
D:1:      lightli_molten_gateway, layout_basic,
          hellmonk_ecumenical_altar_slurped_away
D:2:      layout_basic, minmay_distorted, uniq_robin, uniq_jessica, uniq_terence

Action                   || total
-------------------------++-------
Melee: Club              ||    43
       Bite              ||     5
       Hand axe          ||    15
Armor: Leather armour    ||    19
Dodge: Dodged            ||    34
Block: Buckler           ||     8
